← All builds
Suicide front / Armada / Economy first / OBSERVED BUILD

Mace bot assault

Bot Lab into an early Mace-led T1 bot assault by 2:07, pushing into the middle and sometimes into the enemy base, well ahead of the role's usual army composition.

Usually 2 mex, then lab (66%)

#rush #push · 63 distinct matches · 13 players · 3% of Armada Suicide front games · team won 53% of 64 · Recently observed

THE CATCH, AND WHAT COMES WITH IT
  • MaceT1 bot assault from 2:07 · 12% of role by thenFrom the Bot Lab. Only 12% of Suicide front games have it by then; others who build it get it around 1:53
  • MaceMace in 94%5% of all Suicide front games by then
  • CenturionCenturion in 42%13% of all Suicide front games by then

Where those units first fight, in 64 games with kill data: in the middle 98%.

Those units destroy a typical 3,275 metal of enemy units by 15:00.

Then transitions into blitz (11% of army).

HOW TO PLAY IT

Key timing: Mace by 2:10

  1. Open Bot Lab immediately with mex spread as usual.
  2. Push Mace assault out earlier than the role's normal pace.
  3. Lead with Mace to push middle and pressure the enemy base.
  4. Mix in Centurion for anti-swarm support on the push.
  5. Keep heavy Mace numbers flowing as your main bot ball.

Phase by phase

TYPICAL OF ITS 63 GAMES · AGAINST STANDARD SUICIDE FRONT
  1. 1
  2. 2
  3. 3
  4. 4
PLAY THE OPENING

Follow the example game's first 6:00 step by step: what to build now, what comes next, and where it goes. At 1× it keeps pace with your own game.

  1. 1

    Up to the Bot Lab

    Economy
    • Metal Extractor2Mex
    Order
    1. Bot LabBot Lab after 2 mexdone ~0:50, middle half 0:34–0:58

    Some games also: Sentry (50%)

    By 0:34 in all: 2 mex

    The example game in this phase · 2 steps
    1. Mex ×2
    2. Bot LabBot Labdone 0:35 · typical 0:50
  2. 2

    Bot Lab to T1 bot assault

    Economy
    • Metal Extractor2Mex
    Order
    1. MaceT1 bot assault after 4 mex
    Builders
    • Construction Bot2 Con bot
    • Lazarus2 Lazarus
    Army
    • Sentry1 Sentry
    • Centurion1 Centurion
    Other
    • Radar Tower1 Radar Tower

    Some games also: solar (41%) · wind (36%)

    By 2:07 in all: 4 mex

    The example game in this phase · 7 steps
    1. LazarusLazarus
    2. Solar
    3. SentrySentry
    4. CenturionCenturion
    5. LazarusLazarus
    6. Construction BotCon bot ×2
    7. MaceMacedone 1:47
  3. 3

    T1 bot assault to 5:00

    Economy
    • Metal Extractor2Mex
    • Wind Turbine6Wind+3 vs standard
    Builders
    • Construction Turret1 Con turret
    • Lazarus1 Lazarus
    • Construction Bot1 Con bot
    Army
    • Sentry2 Sentry
    • Mace11 Mace +11 vs standard

    Some games also: Beamer (44%) · centurion (31%)

    The standard build makes here, this one skips: 16 rocketeer

    By 5:00 in all: 5 mex · 7 wind (standard 5) · 1 con turret

    The example game in this phase · 39 steps
    1. Mex
    2. Wind
    3. Mex
    4. MaceMace
    5. Con turret
    6. Wind
    7. MaceMace
    8. Mex
    9. MaceMace
    10. Wind
    11. SentrySentry
    12. MaceMace
    13. SentrySentry
    14. Wind
    15. LazarusLazarus
    16. SentrySentry
    17. Mex
    18. Wind ×2
    19. MaceMace
    20. Radar TowerRadar Tower
    21. Wind ×2
    22. MaceMace
    23. Wind ×4
    24. MaceMace
    25. SentrySentry
    26. Wind
    27. MaceMace
    28. Wind ×3
    29. MaceMace
    30. Wind
    31. MaceMace
    32. Wind ×2
    33. LazarusLazarus
    34. Wind
    35. SentrySentry
    36. MaceMace
    37. SentrySentry
    38. MaceMace ×2
    39. SentrySentry
  4. 4

    5:00 to 10:00

    Economy
    • Metal Extractor1Mex
    • Wind Turbine19Wind
    Builders
    • Construction Turret2 Con turret
    • Lazarus4 Lazarus +2 vs standard
    Army
    • Mace18 Mace +18 vs standard

    Some games also: centurion (39%) · Sentry (36%) · Radar Tower (34%) · Beamer (33%)

    The standard build makes here, this one skips: 8 rocketeer

    By 10:00 in all: 6 mex · 25 wind · 3 con turret

    The example game in this phase · 204 steps
    1. MaceMace ×3
    2. ThugThug
    3. LazarusLazarus
    4. Con turret
    5. MaceMace
    6. Wind
    7. MaceMace
    8. Wind
    9. MaceMace
    10. Wind
    11. MaceMace
    12. Wind
    13. MaceMace
    14. Wind
    15. MaceMace
    16. Wind
    17. LazarusLazarus
    18. Wind ×2
    19. MaceMace
    20. Wind
    21. MaceMace
    22. Wind
    23. MaceMace
    24. Wind
    25. MaceMace ×2
    26. Wind
    27. RocketeerRocketeer
    28. MaceMace ×2
    29. LazarusLazarus
    30. Con turret ×2
    31. MaceMace
    32. Vehicle PlantVehicle Plantnot finished by 15:00
    33. Con turret
    34. MaceMace ×2
    35. Wind
    36. MaceMace
    37. Energy storage
    38. MaceMace
    39. LazarusLazarus
    40. Wind ×2
    41. Advanced Metal ExtractorT2 mexdone 8:43 · typical 10:25
    42. Wind ×5
    43. Advanced Metal ExtractorT2 mex
    44. Wind ×3
    45. Advanced Metal ExtractorT2 mex
    46. Wind
    47. Vehicle PlantVehicle Plantdone 9:38
    48. Wind
    49. BlitzBlitz
    50. Wind
    51. Advanced Metal ExtractorT2 mex
    52. Wind
    53. BlitzBlitz
    54. Wind
    55. BlitzBlitz
    56. Wind ×2
    57. BlitzBlitz ×2
    58. Wind
    59. BlitzBlitz
    60. Wind
    61. BlitzBlitz
    62. Wind ×2
    63. BlitzBlitz
    64. Wind
    65. BlitzBlitz
    66. Wind
    67. BlitzBlitz
    68. Wind ×2
    69. BlitzBlitz
    70. Wind
    71. BlitzBlitz
    72. Wind ×2
    73. BlitzBlitz
    74. Wind
    75. BlitzBlitz
    76. Wind ×2
    77. BlitzBlitz
    78. Wind ×2
    79. BlitzBlitz
    80. Wind ×2
    81. BlitzBlitz
    82. Con turret
    83. Wind
    84. BlitzBlitz
    85. Wind
    86. BlitzBlitz
    87. Con turret
    88. BlitzBlitz
    89. Con turret
    90. Wind
    91. Con turret
    92. BlitzBlitz
    93. Wind
    94. Converter
    95. BlitzBlitz
    96. Wind
    97. BlitzBlitz ×2
    98. Converter
    99. Wind
    100. BlitzBlitz ×2
    101. Wind
    102. Converter
    103. Wind
    104. BlitzBlitz ×2
    105. Wind
    106. BlitzBlitz
    107. Wind
    108. Converter
    109. BlitzBlitz
    110. Wind
    111. BlitzBlitz
    112. Wind
    113. Converter
    114. BlitzBlitz ×2
    115. Wind
    116. BlitzBlitz
    117. Converter
    118. BlitzBlitz
    119. Wind
    120. BlitzBlitz
    121. Wind
    122. BlitzBlitz
    123. Converter
    124. BlitzBlitz
    125. Wind
    126. BlitzBlitz
    127. Wind
    128. BlitzBlitz
    129. Converter
    130. BlitzBlitz
    131. Wind
    132. BlitzBlitz
    133. Wind
    134. Construction VehicleCon vehicle
    135. Converter
    136. Wind
    137. BlitzBlitz
    138. Wind
    139. BlitzBlitz
    140. Converter
    141. BlitzBlitz
    142. Wind
    143. BlitzBlitz
    144. Converter
    145. Wind
    146. BlitzBlitz ×2
    147. GruntGrunt
    148. Wind
    149. BlitzBlitz
    150. Wind
    151. GruntGrunt
    152. BlitzBlitz
    153. Con turret
    154. T2 converter
    155. Con turret
    156. BlitzBlitz ×2
    157. TickTick
    158. Con turret
    159. Wind
    160. GruntGrunt
    161. BlitzBlitz
    162. Wind
    163. BlitzBlitz
    164. Wind
    165. BlitzBlitz
    166. Wind
    167. BlitzBlitz ×2
    168. Wind
    169. BlitzBlitz ×2
    170. Wind
    171. Vehicle PlantVehicle Plantdone 13:43
    172. BlitzBlitz
    173. T2 converter
    174. Wind
    175. BlitzBlitz ×2
    176. Wind ×2
    177. BlitzBlitz ×2
    178. Wind ×2
    179. BlitzBlitz
    180. Wind
    181. BlitzBlitz ×3
    182. Wind
    183. BlitzBlitz ×6
    184. Energy storage
    185. BlitzBlitz ×2
    186. Wind
    187. BlitzBlitz ×3
    188. Energy storage
    189. BlitzBlitz
    190. Wind
    191. BlitzBlitz ×3
    192. Wind
    193. BlitzBlitz ×3
    194. Wind
    195. BlitzBlitz ×3
    196. Wind
    197. BlitzBlitz ×4
    198. Wind
    199. BlitzBlitz ×3
    200. Wind
    201. BlitzBlitz ×3
    202. Wind
    203. BlitzBlitz ×3
    204. Wind

Counts are medians over the build's games: half of them build more, half fewer. The example game is [crd]sisa's (44 OS, 07/09/2026); pick another.

Team trades

IN AT LEAST 30% OF ITS GAMES

You hand over

Nothing regular.

You get

  • Tidal Generator4 Tidal from Pondfirst at 0:11 · in 67% of games
  • Advanced Construction Bot1 T2 con bot from Tech or Geofirst at 8:27 · in 50% of games

How it plays out

Typical game of this build against the role’s standard build, running totals by minute

  • This build
  • Standard suicide front

Metal produced

010k20k30k
0:005:0010:0015:00

metal

Enemy metal destroyed

05k10k15k
0:005:0010:0015:00

metal

Own metal lost

05k10k15k
0:005:0010:0015:00

metal

64 games.

Show as table
ByMetal produced: This buildMetal produced: Standard suicide frontEnemy metal destroyed: This buildEnemy metal destroyed: Standard suicide frontOwn metal lost: This buildOwn metal lost: Standard suicide front
1:003112260000
2:0097588931000
3:0020562056292172166106
4:0030543161840660598486
5:00419642361707141312231020
6:00547554302672232719631785
7:00657066614273317933392732
8:00763379104991403542693631
9:00876892985818481649674516
10:0010216106886895542659145336
11:0011567122418080589870186080
12:0013140140248591651781226842
13:0014674160429642701394067523
14:001642117969106587680104498336
15:001850120297111738302112869228
WHAT THE NUMBERS SAY

Dealt noticeably more damage than the standard build for slightly higher losses, but team win rate came in a bit lower.

  • + Enemy metal destroyed above standard at every checkpoint (11209 vs 8172 by 15:00).
  • + Mace timing at 2:10 is far ahead of the role's usual pace.
  • − Team win rate 52% versus standard's 58%.
  • − Metal produced trails standard by 15:00 (18386 vs 19882).
THE EXAMPLE YOU ARE READING

[crd]sisa

43.9 OS · 07/09/2026

Open source match ↗

38 received units · includes a constructor
1533 metal received · 23904 energy received

Allied construction assistance is unknown. Timings are observations, not a promise of solo reproducibility.

Typical milestones

Bot Lab0:50Middle 50%: 0:34–0:58 · n=64
Advanced Metal Extractor10:25Middle 50%: 9:01–11:20 · n=45

Played most by

[crd]sisa47games of this buildHorlof5games of this build_X_2games of this build[Cookie]Maco1game of this build[Fx]Doo1game of this build